 Dungeon Crawl Stone Soup version 0.24.0-125-gc4c63601f3 (webtiles) character file.

Game seed: 12544364029708032814, levelgen mode: deterministic

2 shadizar the Firebug (level 1, -1/11 HPs)
             Began as an Octopode Fire Elementalist on Mar 14, 2020.
             Slain by an ooze (5 damage)
             ... on level 1 of the Dungeon.
             The game lasted 00:00:30 (58 turns).

shadizar the Firebug (Octopode Fire Elementalist)     Turns: 58, Time: 00:00:30

Health: -1/11      AC:  1    Str:  7    XL:     1   Next: 40%
Magic:  3/3        EV: 13    Int: 17    God:
Gold:   1          SH:  0    Dex: 12    Spells: 3/4 levels left

rFire    . . .     SeeInvis .   c - +0 club
rCold    . . .     Gourm    .   (no shield)
rNeg     . . .     Faith    .   (helmet restricted)
rPois    .         Spirit   .   (no amulet)
rElec    .         Reflect  .   (no ring)
rCorr    .         Harm     .   (no ring)
MR       .....                  (no ring)
Stlth    +++.......             (no ring)
HPRegen  0.03/turn              (no ring)
MPRegen  0.08/turn              (no ring)
                                (no ring)
                                (no ring)

@: no status effects
A: almost no armour, stealthy swim, amphibious, 8 rings, constrict 8, camouflage
1, gelatinous body 1
a: no special abilities


You were on level 1 of the Dungeon.
You were not hungry.

You visited 1 branch of the dungeon, and saw 1 of its levels.

You collected 1 gold pieces.

Inventory:

Hand Weapons
 c - a +0 club (weapon)
Jewellery
 d - a +6 ring of intelligence {unknown}
Comestibles
 a - 2 chunks of flesh
 b - a ration


   Skills:
 * Level 0.3 Fighting
 + Level 2.0 Dodging
 - Level 2.6 Stealth
 + Level 2.0 Spellcasting
 + Level 1.0 Conjurations
 + Level 3.0 Fire Magic


You had 3 spell levels left.
You knew the following spells:

 Your Spells              Type           Power        Failure   Level  Hunger
a - Flame Tongue          Conj/Fire      #....        9%          1    #......

Your spell library contained the following spells:

 Spells                   Type           Power        Failure   Level  Hunger
 Throw Flame              Conj/Fire      #.....       13%         2    ###....
 Conjure Flame            Conj/Fire      #.......     26%         3    ###....
 Inner Flame              Hex/Fire       #.......     30%         3    ###....
 Sticky Flame             Conj/Fire      #.......     63%         4    #####..
 Fireball                 Conj/Fire      #.........   93%         5    ######.


Dungeon Overview and Level Annotations

Branches:
Dungeon (1/15)

Altars:


Innate Abilities, Weirdness & Mutations

You cannot wear most types of armour.
You are very stealthy in the water. (Stealth+)
You are amphibious.
You can wear up to eight rings at the same time.
You can use your tentacles to constrict eight enemies at once.
Your skin changes colour to match your surroundings (Stealth+).
Your rubbery body absorbs attacks. (AC +1, EV +1)


Message History

An ooze comes into view.
Found a scroll labeled LIGISCH ENOU.
The helpless ooze fails to defend itself.
You hit the ooze.
The ooze is moderately wounded.
The ooze hits you. The ooze hits you but does no damage.
You are too injured to fight recklessly!
You are too injured to fight recklessly!
You are too injured to fight recklessly!
You are too injured to fight recklessly!
You are too injured to fight recklessly!
You are too injured to fight recklessly!
You are too injured to fight recklessly!
You hit the ooze. Your squeeze misses the ooze.
The ooze is heavily wounded.
The ooze barely misses you.
You barely miss the ooze.
The ooze is heavily wounded.
The ooze hits you.
You die...

#.....≈≈.##.....÷.†.#
#.....≈..########.###
#.....≈..########'#
#.....≈≈..##......#
#.....≈(..##(<....#
#.....≈...##......#
#..?..≈§..#########
.....≈§§.##########
.....≈§≈§..@.......
.....≈≈≈≈§§.J....≈§
....≈≈§§§§§..§≈§§≈
)...≈≈≈≈§≈§≈≈§≈§≈.
........§≈§≈≈§≈...
.........§.?......
##################


You could see an ooze.

Vanquished Creatures
  A goblin (D:1)
  A kobold (D:1)
  A rat (D:1)
3 creatures vanquished.

Notes
Turn   | Place    | Note
-------+----------+-------------------------------------------
     0 | D:1      | shadizar the Octopode Fire Elementalist began the quest for
                  | the Orb.
     0 | D:1      | Reached XP level 1. HP: 11/11 MP: 3/3
    58 | D:1      | Slain by an ooze

Levels and vault maps discovered:
D:1:      erik_arrival_gehennom, layout_basic, serial_forest,
          infiniplex_forest_join, infiniplex_forest_lined_2,
          infiniplex_forest_clump_long, infiniplex_forest_clump_diagonal,
          infiniplex_forest_straight_3, infiniplex_forest_straight_1,
          infiniplex_forest_end_1, infiniplex_forest_corner_1,
          infiniplex_forest_clump_double, infiniplex_forest_clump_double,
          minmay_statues_item, minmay_misc_feat_four_crosses

Action                   || total
-------------------------++-------
Melee: Unarmed           ||     7
       Club              ||     4
       Constrict         ||     2
       Tentacles         ||     1
 Stab: Sleeping          ||     3
Armor: Skin              ||     2
Dodge: Dodged            ||     4
